 Dungeon Crawl Stone Soup version 0.29-a0-284-gf9362112df (webtiles) character file.

Game seed: 16688934309159769322

12242 Dabor the Basher (level 11, -4/109 HPs)
             Began as a Troll Fighter on Mar 15, 2022.
             Was a Follower of Wu Jian.
             Slain by a two-headed ogre
             ... wielding a +0 giant spiked club
              (31 damage)
             ... on level 10 of the Dungeon.
             The game lasted 00:25:21 (9990 turns).

Dabor the Basher (Troll Fighter)                    Turns: 9990, Time: 00:25:22

Health: -4/109     AC: 13    Str: 30    XL:     11   Next: 59%
Magic:  14/14      EV: 14    Int:  4    God:    Wu Jian [*.....]
Gold:   448        SH:  0    Dex: 21    Spells: 10/10 levels left

rFire   . . .      SeeInvis .   g - +3 dire flail (protect)
rCold   . . .      Faith    +   (shield currently unavailable)
rNeg    . . .      Spirit   .   K - +0 troll leather armour
rPois   .          Reflect  .   (helmet restricted)
rElec   .          Harm     +   i - scarf {harm}
rCorr   .          Rampage  .   (gloves unavailable)
Will    .....                   (boots unavailable)
Stlth   ++........              C - amulet of faith
HPRegen 1.88/turn               u - +6 ring of dexterity
MPRegen 0.14/turn               F - +6 ring of dexterity

@: under a protective aura
A: large, unfitting armour, claws 3, regeneration 1, shaggy fur 1, tough skin 1
a: Renounce Religion


You were on level 10 of the Dungeon.
You worshipped Wu Jian.
Wu Jian was aware of your devotion.
You visited 3 branches of the dungeon, and saw 13 of its levels.
You also visited: Ossuary.

You collected 697 gold pieces.
You spent 249 gold pieces at shops.

Inventory:

Hand Weapons
 c - a +4 trident
 g - a +3 dire flail of protection (weapon)
 o - a +1 morningstar of flaming
 H - a +0 giant spiked club
Missiles
 j - 17 poisoned darts
 p - 4 throwing nets
 G - 6 javelins
 N - 3 atropa-tipped darts
 O - 3 large rocks (quivered)
Armour
 i - a scarf of harm (worn)
 K - a +0 troll leather armour (worn)
Jewellery
 u - a +6 ring of dexterity (left claw)
 C - an amulet of faith (around neck)
 F - a +6 ring of dexterity (right claw)
 R - a ring of poison resistance
Wands
 f - a wand of paralysis (4)
 r - a wand of polymorph (24)
 y - a wand of flame (29)
 L - a wand of charming (5)
 M - a wand of digging (9)
 Q - a wand of iceblast (10)
Scrolls
 a - a scroll of identify
 k - 2 scrolls of enchant armour
 l - 2 scrolls of fear
 n - 5 scrolls of teleportation
 z - 3 scrolls of magic mapping
 B - a scroll of holy word
 E - 2 scrolls of silence
 I - 2 scrolls of amnesia
 J - 3 scrolls of fog
 P - a scroll of brand weapon
Potions
 b - a potion of resistance
 d - 3 potions of might
 e - 5 potions of curing
 m - 2 potions of flight
 t - 2 potions of magic
 v - 2 potions of haste {unknown}
 w - 2 potions of ambrosia {unknown}
 A - 2 potions of invisibility {unknown}
 D - 2 potions of brilliance {unknown}


   Skills:
 + Level 7.2 Fighting
 * Level 10.0 Maces & Flails
 + Level 6.5 Throwing
 + Level 7.2 Dodging
 - Level 3.3 Shields
 + Level 6.2 Invocations


You had 10 spell levels left.
You didn't know any spells.
Your spell library contained the following spells:

 Spells                   Type           Power      Damage    Failure   Level
 Animate Skeleton         Necr           0%         N/A       54%         1
 Freeze                   Ice            0%         1d3       54%         1
 Pain                     Necr           0%         1d4       54%         1
 Frozen Ramparts          Ice            0%         1d2       88%         3
 Vampiric Draining        Necr           0%         2d6       88%         3
 Hailstorm                Conj/Ice       0%         3d3       99%         4
 Agony                    Necr           0%         N/A       100%        5
 Excruciating Wounds      Necr           0%         N/A       100%        5


Dungeon Overview and Level Annotations

Branches:
Dungeon (11/15)            Temple (1/1) D:5            Lair (0/6) D:9
    Orc (1/2) D:10        Ossuary (visited)

Altars:
Ashenzari
Cheibriados
Dithmenos
Elyvilon
Fedhas
Gozag
Hepliaklqana
Kikubaaqudgha
Makhleb
Nemelex Xobeh
Okawaru
Qazlal
Ru
Sif Muna
Trog
Uskayaw
Vehumet
Wu Jian
Xom
Yredelemnul
Zin
The Shining One

Shops:
D:1 *   D:3 ([*:   D:10 [   Orc:1 [*


Innate Abilities, Weirdness & Mutations

You are too large for most types of armour.
You have claws for hands.
Your natural rate of healing is unusually fast.
You are covered in fur. (AC +1)
You have tough skin. (AC +1)


Message History

Deactivating autopickup; reactivate with Ctrl-A.
The ogre hits you with a +0 giant club!!
The two-headed ogre hits you with a +0 giant spiked club!
The two-headed ogre closely misses you.
There is a staircase back to the Dungeon, spattered with blood here.
The two-headed ogre hits you with a +0 giant spiked club.
The two-headed ogre barely misses you. The ogre completely misses you.
You climb upwards.
Welcome back to the Dungeon!
Reactivating autopickup.
There is a staircase to the Orcish Mines, spattered with blood here.
You sock the ogre!
Your weapon exudes an aura of protection.
The ogre is heavily wounded.
You sock the ogre!
The ogre is almost dead.
The ogre misses you.
The two-headed ogre hits you with a +0 giant spiked club!
The two-headed ogre misses you.
You puncture the ogre!
You kill the ogre!
The Council accepts your kill.
Your Maces & Flails skill increases to level 10!
You bludgeon the two-headed ogre!!
The two-headed ogre is heavily wounded.
The two-headed ogre hits you with a +0 giant spiked club!!
* * * LOW HITPOINT WARNING * * *
The two-headed ogre barely misses you.
You hit the two-headed ogre but do no damage.
The two-headed ogre is heavily wounded.
You hit the two-headed ogre.
The two-headed ogre is severely wounded.
The two-headed ogre hits you with a +0 giant spiked club.
* * * LOW HITPOINT WARNING * * *
The two-headed ogre closely misses you.
You closely miss the two-headed ogre.
The two-headed ogre is severely wounded.
You barely miss the two-headed ogre.
The two-headed ogre is severely wounded.
The two-headed ogre hits you with a +0 giant spiked club!!
You die...

.......).....#.....#.#........#..
............[#'#+###.#........#..
#....................#.......##..
#........#########...#.......#...
#..#+###'#.......#...'.......#...
#..#.........................#...
'..#.........................#...
#..#..[[[......[.[...........#...
#..+..<...).....@)∩.....######...
...#....[......[O)......#........
...########.).........###........
.................................
.................................
##########.).....................
#........#............>..........
#........#......###########......
#........'......#.........#......


You could see a two-headed ogre.

Vanquished Creatures
  4 two-headed ogres
  A deep elf pyromancer (D:7)
  A cyclops (D:7)
  An orc knight (D:10)
  Joseph (D:7)
  Maggie (D:6)
  2 trolls (D:7)
  Prince Ribbit (D:5)
  A slime creature (D:7)
  2 hornets
  A shadow (D:11)
  6 yaks (D:9)
  3 wraiths
  A basilisk (D:7)
  Edmund (D:4)
  An acid dragon (D:10)
  3 water moccasins
  7 orc warriors
  3 ice beasts
  4 sky beasts
  2 black bears
  An ogre (D:10)
  7 centaurs
  3 phantoms
  2 kobold brigands
  Blork the orc (D:4)
  2 bullfrogs
  3 necrophages
  3 gnoll sergeants
  A scorpion (D:4)
  5 wights
  2 howler monkeys
  3 hounds
  A jelly (D:5)
  10 orc priests
  A gnoll shaman (D:6)
  2 iguanas
  13 orc wizards
  A mummy (Ossuary)
  20 gnolls
  11 adders
  A shadow imp (D:7)
  2 white imps
  2 ufetubi
  4 worms
  A dart slug (D:3)
  35 orcs
  2 spectral bats (Ossuary)
  9 ball pythons
  8 endoplasms
  3 giant cockroaches
  12 gnoll zombies (Ossuary)
  2 goblins (D:1)
  5 hobgoblins
  9 jackals
  5 quokkas
  2 bats (D:2)
  A bat simulacrum (Ossuary)
  3 frilled lizards
  3 goblin simulacra (Ossuary)
  3 goblin zombies (Ossuary)
  3 hobgoblin zombies (Ossuary)
  17 kobolds
  3 kobold simulacra (Ossuary)
  9 kobold zombies (Ossuary)
  3 orc zombies (Ossuary)
  7 rats
  5 rat simulacra (Ossuary)
  3 spectral goblins (Ossuary)
  3 spectral kobolds (Ossuary)
  4 spectral rats (Ossuary)
308 creatures vanquished.

Vanquished Creatures (others)
  An orc wizard (D:4)
1 creature vanquished.

Grand Total: 309 creatures vanquished

Notes
Turn   | Place    | Note
-------+----------+-------------------------------------------
     0 | D:1      | Dabor the Troll Fighter began the quest for the Orb.
     0 | D:1      | Reached XP level 1. HP: 22/22 MP: 0/0
    75 | D:1      | Found Atzem's General Store.
    92 | D:1      | Reached skill level 2 in Maces & Flails
   112 | D:1      | Reached XP level 2. HP: 29/29 MP: 1/1
   587 | D:1      | Bought 2 poisoned darts for 9 gold pieces
   762 | D:2      | Reached XP level 3. HP: 36/36 MP: 2/2
  1020 | D:2      | Found a faded altar of an unknown god.
  1042 | D:2      | Prayed at the altar of an unknown god.
  1042 | D:2      | Became a worshipper of Elyvilon the Healer
  1042 | D:2      | Reached * piety under Elyvilon
  1259 | D:2      | Reached XP level 4. HP: 32/44 MP: 1/3
  1518 | D:3      | Found Ibbotew's Book Shop.
  1598 | D:3      | Found Ukluk's Armour Boutique.
  1730 | D:3      | Reached ** piety under Elyvilon
  1753 | D:3      | Found Esefamu's Antique Weapon Emporium.
  1941 | D:3      | Found Otoc's Assorted Antiques.
  2045 | D:3      | Found a shadowy altar of Dithmenos.
  2180 | D:3      | Bought a scroll labelled IXOKHL TASE for 22 gold pieces
  2180 | D:3      | Bought a garnet ring for 110 gold pieces
  2442 | D:4      | Noticed a scorpion
  2446 | D:4      | Killed a scorpion
  2447 | D:4      | Reached skill level 3 in Maces & Flails
  2447 | D:4      | Reached XP level 5. HP: 41/53 MP: 4/4
  2521 | D:3      | Reached XP level 6. HP: 46/61 MP: 5/5
  2535 | D:4      | Reached skill level 1 in Throwing
  2747 | D:4      | Found a sparkling altar of Nemelex Xobeh.
  2848 | D:4      | Noticed Blork the orc
  3017 | D:4      | Noticed Edmund
  3030 | D:4      | Killed Edmund
  3094 | D:4      | Reached *** piety under Elyvilon
  3178 | D:4      | Reached XP level 7. HP: 51/70 MP: 6/6
  3293 | D:4      | Killed Blork the orc
  3706 | D:5      | Entered Level 5 of the Dungeon
  3713 | D:5      | Found a blossoming altar of Fedhas.
  3722 | D:5      | Reached skill level 4 in Maces & Flails
  3785 | D:5      | Found a sand-covered staircase.
  3798 | Ossuary  | Entered an ossuary
  3897 | Ossuary  | Reached skill level 1 in Invocations
  4173 | D:5      | Noticed Prince Ribbit
  4186 | D:5      | Killed Prince Ribbit
  4187 | D:5      | Reached XP level 8. HP: 57/79 MP: 6/8
  4208 | D:5      | Reached skill level 5 in Maces & Flails
  4621 | D:5      | Found a broken altar of Ashenzari.
  4781 | D:5      | Reached **** piety under Elyvilon
  4912 | D:5      | Found a staircase to the Ecumenical Temple.
  5624 | D:6      | Reached skill level 5 in Dodging
  5720 | Temple   | Entered the Ecumenical Temple
  6006 | D:6      | Found a bloodstained altar of Trog.
  6159 | D:6      | Found a radiant altar of Vehumet.
  6287 | D:6      | Reached skill level 5 in Fighting
  6287 | D:6      | Reached skill level 6 in Maces & Flails
  6354 | D:6      | Noticed Maggie
  6365 | D:6      | Killed Maggie
  6366 | D:6      | Reached XP level 9. HP: 82/88 MP: 10/10
  6659 | D:7      | Reached ***** piety under Elyvilon
  6790 | D:7      | Noticed Joseph
  6806 | D:7      | Killed Joseph
  6807 | D:7      | Reached skill level 7 in Maces & Flails
  6956 | D:7      | Paralysed by a hornet for 2 turns
  7110 | D:7      | Reached XP level 10. HP: 65/98 MP: 12/12
  7215 | D:7      | Noticed a cyclops
  7227 | D:7      | Killed a cyclops
  7256 | D:7      | Reached skill level 8 in Maces & Flails
  7256 | D:7      | Reached skill level 5 in Throwing
  7299 | D:7      | Noticed a deep elf pyromancer
  7310 | D:7      | Killed a deep elf pyromancer
  7474 | D:7      | Found a white marble altar of Elyvilon.
  7474 | D:7      | Found a hazy altar of Hepliaklqana.
  7482 | D:7      | Found a faded altar of an unknown god.
  7484 | D:7      | Found a snail-covered altar of Cheibriados.
  7486 | D:7      | Found a faded altar of an unknown god.
  7696 | D:8      | Noticed a two-headed ogre
  7704 | D:7      | Reached skill level 5 in Invocations
  7726 | D:7      | Killed a two-headed ogre
  7845 | D:8      | Noticed a two-headed ogre
  7856 | D:8      | Killed a two-headed ogre
  7956 | D:8      | Reached skill level 9 in Maces & Flails
  8019 | D:8      | Noticed a two-headed ogre
  8022 | D:8      | Killed a two-headed ogre
  8023 | D:8      | Reached XP level 11. HP: 107/107 MP: 14/14
  8400 | D:9      | Found a staircase to the Lair.
  8528 | D:9      | Found a sacrificial altar of Ru.
  8597 | D:9      | Noticed a two-headed ogre
  8604 | D:9      | Killed a two-headed ogre
  8618 | D:9      | Found an ornate altar of the Wu Jian Council.
  8666 | D:9      | Fell from the grace of Elyvilon
  8666 | D:9      | Became a worshipper of the Wu Jian Council
  9076 | D:10     | Entered Level 10 of the Dungeon
  9079 | D:10     | Found a staircase to the Orcish Mines.
  9089 | D:10     | Noticed an orc knight
  9282 | D:10     | Found Qehecy's Armour Boutique.
  9294 | D:10     | Killed an orc knight
  9300 | D:10     | Bought a scarf of harm for 108 gold pieces
  9367 | D:10     | Reached * piety under Wu Jian
  9451 | D:10     | Found a glowing golden altar of the Shining One.
  9871 | D:11     | Noticed a boulder beetle
  9927 | Orc:1    | Entered Level 1 of the Orcish Mines
  9927 | Orc:1    | Noticed a two-headed ogre
  9927 | Orc:1    | Noticed an orc knight
  9927 | Orc:1    | Found Mutrass's Antique Armour Emporium.
  9927 | Orc:1    | Found Womyk's Assorted Antiques.
  9929 | Orc:1    | Noticed an ogre mage
  9931 | Orc:1    | Noticed a two-headed ogre
  9931 | Orc:1    | Noticed a two-headed ogre
  9986 | D:10     | Reached skill level 10 in Maces & Flails
  9990 | D:10     | Slain by a two-headed ogre

Illustrated notes

Levels and vault maps discovered:
D:1:      amcnicky_arrival_blooded_trapdoor, layout_basic, serial_shops, shop
D:2:      minmay_general_purpose_star, layout_loops_ring,
          shapermc_ecumenical_altar_notcrosses, minmay_heptomino_o4
D:3:      layout_basic, nicolae_dithmenos_through_a_glass_darkly, serial_shops,
          nicolae_shop_waterfront, nicolae_square_shop, shop,
          nicolae_lakefront_shop
D:4:      black_bear_nest_1, layout_basic, mainiacjoe_overflow_surrounded_room,
          uniq_edmund, uniq_blork_the_orc
D:5:      layout_layer_cave, mainiacjoe_overflow_alcove_2,
          mainiacjoe_overflow_brackets, minmay_temple_entry_antechambers,
          nicolae_ossuary_entry_false_entrances, uniq_prince_ribbit1
D:6:      layout_basic, nicolae_vehumet_altar_sigil, trog_book,
          kennysheep_generic_room_5, uniq_maggie
D:7:      layout_rooms, chequers_temple_overflow_minitemple, minmay_the_grid_2x2
          [minmay_the_grid_minigrid_medium, minmay_the_grid_stretched_grid,
          minmay_the_grid_spikes, minmay_the_grid_prize_inner_circle],
          uniq_joseph
D:8:      layout_rooms
D:9:      layout_big_octagon, lemuel_crystal_altar,
          mainiacjoe_overflow_small_starburst, dk_vineyard_3
D:10:     layout_irregular_city, nicolae_tso_swordbearing_angel, orc_david_3
D:11:     layout_long_grid, uniq_maurice
Temple:   eino_temple_lava
Orc:1:    layout_caves, serial_shops, shop, nicolae_shop_overgrown_old_shop,
          nicolae_shop_trees, shop_fountains, shop, nicolae_shop_firing_range

Skill      XL: |  1  2  3  4  5  6  7  8  9 10 11 |
---------------+----------------------------------+-----
Maces & Flails | 2 3 4 6 7 9 10 | 10.0
Fighting       | 3 4 5 6 7 |  7.2
Dodging        | 3 4 5 6 7 |  7.2
Shields        | 3 |  3.3
Throwing       | 1 2 3 4 5 6 |  6.5
Invocations    | 1 3 4 5 6 |  6.2

Action                   |  1- 3 |  4- 6 |  7- 9 | 10-12 || total
-------------------------+-------+-------+-------+-------++-------
Melee: Flail             |   108 |       |       |       ||   108
       Morningstar       |    16 |   125 |       |       ||   141
       Dire flail        |       |    14 |   405 |   273 ||   692
Throw: Dart              |       |    13 |    40 |    22 ||    75
       Throwing net      |       |     2 |       |       ||     2
       Boomerang         |       |     6 |       |       ||     6
       Javelin           |       |       |       |    14 ||    14
       Large rock        |       |       |       |     7 ||     7
Invok: Purification      |     1 |     1 |       |     2 ||     4
       Heal Self         |       |       |     3 |     2 ||     5
       Lunge             |       |       |       |    10 ||    10
       Whirlwind         |       |       |       |     1 ||     1
Evoke: Wand              |       |       |     3 |     4 ||     7
  Use: Scroll            |       |     8 |     2 |    12 ||    22
       Potion            |       |       |       |     3 ||     3
 Stab: Sleeping          |       |     3 |     5 |     2 ||    10
       Distracted        |       |       |       |     1 ||     1
Armor: Robe              |    50 |    54 |   124 |       ||   228
       Steam dragon scal |       |       |    63 |    17 ||    80
       Troll leather arm |       |       |       |   128 ||   128
Dodge: Dodged            |    62 |    60 |   246 |   255 ||   623
Block: Kite shield       |    66 |    58 |       |       ||   124

Table legend: (Time is in decaauts)
 A = Elapsed time spent in this place.
 B = Non-inter-level travel time spent in this place.
 C = Inter-level travel time spent in this place.
 D = Time resting spent in this place.
 E = Time spent auto-exploring this place.
 F = Levels seen in this place.
 G = Mean time per level.
                   A        B        C        D        E       F      G
               +--------+--------+--------+--------+--------+-----+--------+
         Total |  10113 |   9186 |    927 |    160 |   6532 |  14 |  722.4 |
       Dungeon |   9665 |   8741 |    924 |    160 |   6301 |  11 |  878.6 |
        Temple |     76 |     74 |      2 |      0 |     66 |   1 |   76.0 |
  Orcish Mines |      7 |      7 |      0 |      0 |      0 |   1 |    7.0 |
       Ossuary |    364 |    364 |      0 |      0 |    165 |   1 |  364.0 |
               +--------+--------+--------+--------+--------+-----+--------+

Top non-repeatable levels by time:
     D:5: 1462 daAuts
     D:7: 1324 daAuts
     D:4: 1288 daAuts
     D:3: 1089 daAuts
     D:6: 977 daAuts
    D:10: 816 daAuts
     D:2: 796 daAuts
     D:9: 712 daAuts
     D:1: 652 daAuts
     D:8: 487 daAuts
 Ossuary: 364 daAuts
  Temple: 76 daAuts
    D:11: 58 daAuts
   Orc:1: 7 daAuts
